Jean, lawful female human Knight ------- ---------------- #......| #...............| -------------- #|.....| #|..............| |)))))))[[)))| #......| #|..............|########### |[))[)))[))) ###|<...{| #--.--------.----# ----.----- ))][))))) # #-.--.-- ################## |........| ..... ### # # # # |........| -|- # #### # # |........| ##### # #### # # ##.........| # # #### # # # ---------- uf# # #### # # ### # # ######### # # ### # ----.----############## ### # # |.......|# -.-.-# ---------.----# |.......|# |....# |.......(....|# |.....>.|# |>..| |.............# |........# |...| |............| --------- |...| -------------- ----- Jean the Esquire Experience level: 3 Strength: 14 Dexterity: 8 Constitution: 12 Intelligence: 8 Wisdom: 15 Charisma: 18 Health: 0(24) Energy: 13(13) AC: 3 Gold: 265 Moves: 1015 Your Inventory: Coins $ - 265 gold pieces Weapons a - an uncursed +1 long sword (weapon in hand) b - an uncursed +1 lance Armor c - an uncursed +1 ring mail (being worn) d - a blessed +0 helmet (being worn) e - an uncursed +0 small shield (being worn) f - an uncursed +0 pair of leather gloves (being worn) Comestibles g - an uncursed apple h - 14 uncursed carrots i - an [uncursed] food ration k - an [uncursed] lichen corpse l - an [uncursed] tripe ration A - an [uncursed] sprig of wolfsbane Scrolls j - an [uncursed] scroll labeled PHOL ENDE WODAN [of teleportation] n - an [uncursed] scroll of identify o - a blessed scroll of remove curse p - an uncursed scroll of fire q - an uncursed scroll of enchant armor s - an uncursed scroll of scare monster t - an uncursed scroll of magic mapping u - an [uncursed] scroll of remove curse v - an [uncursed] scroll labeled READ ME [of create monster] w - an [uncursed] scroll labeled VELOX NEB [of charging] Potions y - an [uncursed] golden potion [of see invisible] z - a [cursed] white potion [of levitation] B - an [uncursed] dark green potion [of gain energy] C - a [blessed] ruby potion [of hallucination] Spells known in the end: Name Level Category Fail Memory Your skills at the end: Fighting Skills riding [Basic / Expert] Weapon Skills long sword [Basic / Expert] lance [Basic / Expert] Spellcasting Skills Final Attributes: You were devoutly aligned. Hunger level was 653. Your alignment was 14 / 15. Monster difficulty range was 0 - 3. Level difficulty was 3. You could jump. You were riding your pony. Your luck was zero. You are dead. Vanquished creatures: a wererat a large kobold a gnome a gnome zombie a gecko 4 jackals a kobold 2 goblins 2 bats 3 lichens a newt 18 creatures vanquished. Voluntary challenges: You followed a strict vegan diet. You used a wielded weapon 18 times. You read items or engraved 1 time. You put on armor 8 times. You never genocided any monsters. You never polymorphed an object. You changed form 1 time. You used no wishes. You never wrote Elbereth's name. You encountered 1 bones level. You never used any Sokoban shortcuts. Dungeon overview: The Dungeons of Doom: levels 1 to 4 Level 1 a long staircase Level 2 a scroll shop Level 3 <- You were here a weapon shop, a fountain stairs to The Gnomish Mines The Gnomish Mines: Level 4 stairs to The Dungeons of Doom History has recorded: On T:1 you entered the Dungeons of Doom to retrieve the Amulet of Yendor! On T:50 you reached level 2 of The Dungeons of Doom. On T:331 you reached level 3 of The Dungeons of Doom. On T:338 you advanced to experience level 2. On T:507 you advanced to experience level 3. On T:832 you reached level 4 of The Dungeons of Doom. On T:896 you reached level 1 of The Gnomish Mines. Latest messages: The kitten misses the saddled pony. [HP-6=18] You miss the kitten. (2x) The kitten bites! [HP-2=16] You miss the kitten. The kitten bites the saddled pony. The saddled pony misses the kitten. (2x) The kitten bites! [HP-5=11] You hit the kitten. The kitten bites! [HP-1=10] You miss the kitten. The kitten misses. The kitten bites! [HP-6=4] You begin praying to Lugh. The kitten misses the saddled pony. The saddled pony misses the kitten. (2x) The kitten bites! (2x) You die... Final status: Fare thee well Jean the Knight... You died in The Dungeons of Doom on dungeon level 3 with 667 points, and 265 pieces of gold, after 1015 moves. You were level 3 with a maximum of 24 hit points when you died.